 Dungeon Crawl Stone Soup version 0.19.5 (webtiles) character file.

49 Zhenya24pyc the Cudgeler (level 3, -4/23 HPs)
             Began as a Gargoyle Fighter on May 4, 2017.
             Slain by a gnoll
             ... wielding a +0 halberd
              (9 damage)
             ... on level 2 of the Dungeon.
             The game lasted 00:01:15 (928 turns).

Zhenya24pyc the Cudgeler (Gargoyle Fighter)          Turns: 928, Time: 00:01:16

Health: -4/23      AC: 10    Str: 20    XL:     3   Next: 75%
Magic:  3/3        EV:  7    Int:  8    God:
Gold:   67         SH:  9    Dex:  9    Spells: 0 memorised, 2 levels left

rFire  . . .     SeeInvis .     a - +0 flail
rCold  . . .     Gourm    .     b - +0 scale mail
rNeg   + . .     Faith    .     c - +0 shield
rPois  ∞         Spirit   .     (no helmet)
rElec  +         Reflect  .     (no cloak)
rCorr  .         Harm     .     (no gloves)
MR     .....                    (no boots)
Stlth  ..........               j - amulet of regeneration
                                (no ring)
                                (no ring)

@: no status effects
A: negative energy resistance 1, electricity resistance, unbreathing,
petrification resistance, rot immunity, AC +3
a: no special abilities


You were on level 2 of the Dungeon.
You were not hungry.

You visited 1 branch of the dungeon, and saw 2 of its levels.

You collected 67 gold pieces.

Inventory:

Hand Weapons
 a - a +0 flail (weapon)
Armour
 b - a +0 scale mail (worn)
 c - a +0 shield (worn)
Jewellery
 j - an amulet of regeneration (around neck)
Scrolls
 e - a scroll of enchant weapon {unknown}
 g - a scroll of blinking {unknown}
 h - 3 scrolls of identify {unknown}
 i - a scroll of fog {unknown}
 k - 2 scrolls of remove curse {unknown}
Potions
 d - a potion of might
 l - a potion of flight {unknown}
Comestibles
 f - a bread ration
 m - a chunk of flesh


   Skills:
 - Level 3.2 Fighting
 * Level 4.0 Maces & Flails
 - Level 3.2 Armour
 - Level 3.2 Shields


You had 2 spell levels left.
You didn't know any spells.

Dungeon Overview and Level Annotations

Branches:
Dungeon (2/15)

Altars:


Innate Abilities, Weirdness & Mutations

You are resistant to torment.
Your stone body is resilient. (AC +3)
You are immune to poison.
You resist negative energy. (rN+)
You are resistant to electric shocks. (rElec)
You can survive without breathing.
You are immune to petrification.
You are immune to rotting.


Message History

There is an open door here.
You open the door. The gnoll hits you but does no damage.
There is an open door here.
The gnoll barely misses you. The gnoll closely misses you.
You closely miss the gnoll. The gnoll barely misses you.
The gnoll closely misses you.
You barely miss the gnoll. The gnoll hits you but does no damage.
The gnoll hits you from afar with a halberd.
You sock the gnoll!
The gnoll is severely wounded.
The gnoll barely misses you. The gnoll hits you but does no damage.
You hit the gnoll.
The gnoll is almost dead.
The gnoll hits you with a halberd! You block the gnoll's attack.
You hit the gnoll but do no damage.
The gnoll is almost dead.
The gnoll hits you with a halberd.
* * * LOW HITPOINT WARNING * * *
The gnoll hits you from afar with a halberd!
You die...

...####..........#.#....##.#
................<...........
##..........##.#...###.#
#.#.......###.#..## #.# ###
#.##.....## #.#.#####[# ..#
#.###...## #.........# #.#
#.# ##g## ###.####### #.#
#.# #g# #.#
#.###.###.####@##### #.#
#.........#........####.#
#####.#####.#...........#
#.#####†.....#.######
#.##....#...##.#
#.......##.###.#
####....##.# #.# ##......#
#.# ###.#### #.#


You could see 2 gnolls.

Vanquished Creatures
  A gnoll (D:2)
  2 worms (D:2)
  A leopard gecko (D:1)
  2 ball pythons (D:1)
  A giant cockroach (D:1)
  3 goblins (D:1)
  2 hobgoblins (D:1)
  4 jackals (D:1)
  6 bats
  A frilled lizard (D:2)
  5 kobolds
  3 rats (D:1)
31 creatures vanquished.

Notes
Turn   | Place    | Note
-------+----------+-------------------------------------------
     0 | D:1      | Zhenya24pyc the Gargoyle Fighter began the quest for the Orb.
     0 | D:1      | Reached XP level 1. HP: 14/14 MP: 1/1
    84 | D:1      | Reached XP level 2. HP: 19/19 MP: 2/2
   111 | D:1      | Reached skill level 3 in Maces & Flails
   445 | D:1      | Reached XP level 3. HP: 23/23 MP: 3/3
   893 | D:2      | Reached skill level 4 in Maces & Flails
   928 | D:2      | Slain by a gnoll

Skill      XL: |  1  2  3 |
---------------+----------+-----
Maces & Flails | 3 4 |  4.0
Fighting       | |  3.2
Armour         | |  3.2
Shields        | |  3.2

Action                   || total
-------------------------++-------
Melee: Flail             ||   115
Armor: Scale mail        ||    57
Dodge: Dodged            ||    43
Block: Shield            ||    52
